 Dungeon Crawl Stone Soup version 0.25-a0-927-g39f137c8b7 (webtiles) character file.

Game seed: 15969998884937365087, levelgen mode: deterministic

343 Maedhros the Sneak (level 6, -3/38 HPs)
             Began as an Octopode Artificer on May 3, 2020.
             Slain by an iguana (13 damage)
             ... on level 4 of the Dungeon.
             The game lasted 00:02:20 (1345 turns).

Maedhros the Sneak (Octopode Artificer)             Turns: 1345, Time: 00:02:21

Health: -3/38      AC:  1    Str: 11    XL:     6   Next: 57%
Magic:  8/8        EV: 10    Int: 14    God:
Gold:   45         SH:  6    Dex: 14    Spells: 5/5 levels left

rFire    . . .     SeeInvis .     - Unarmed
rCold    . . .     Gourm    .   o - +0 kite shield
rNeg     . . .     Faith    .   (helmet restricted)
rPois    .         Spirit   .   d - amulet of rage
rElec    .         Reflect  .   (no ring)
rCorr    .         Harm     .   (no ring)
MR       .....                  (no ring)
Stlth    ++++......             (no ring)
HPRegen  0.12/turn              (no ring)
MPRegen  0.11/turn              (no ring)
                                (no ring)
                                (no ring)

@: no status effects
A: almost no armour, stealthy swim, amphibious, 8 rings, constrict 8, camouflage
1, gelatinous body 1
a: Evoke Berserk Rage


You were on level 4 of the Dungeon.
You were hungry.

You visited 1 branch of the dungeon, and saw 5 of its levels.

You collected 90 gold pieces.
You spent 45 gold pieces at shops.

Inventory:

Missiles
 l - 4 boomerangs (quivered)
Armour
 o - a +0 kite shield (worn)
Jewellery
 d - an amulet of rage (around mantle)
Wands
 b - a wand of flame (12)
 c - a wand of enslavement (13)
 p - a wand of disintegration (11)
Scrolls
 e - a scroll of immolation {unknown}
 h - 6 scrolls of identify {unknown}
 i - 2 scrolls of teleportation {unknown}
Potions
 g - a potion of heal wounds
 j - a potion of ambrosia {unknown}
 k - a potion of haste {unknown}
 m - a potion of stabbing {unknown}
 n - a potion of lignification {unknown}
Comestibles
 a - a chunk of flesh
 f - 4 rations


   Skills:
 - Level 1.0 Fighting
   Level 1.0 Short Blades
 - Level 2.0 Dodging
 - Level 5.7 Stealth
 + Level 4.9 Unarmed Combat
 - Level 3.2 Evocations


You had 5 spell levels left.
You didn't know any spells.
Your spell library contained the following spells:

 Spells                   Type           Power        Failure   Level  Hunger
 Leda's Liquefaction      Hex/Erth       #.........   100%        4    #####..
 Bolt of Magma            Conj/Fire/Erth #.........   100%        5    ######.
 Iron Shot                Conj/Erth      #.........   100%        6    #######
 Statue Form              Tmut/Erth      #........    100%        6    #######
 Shatter                  Erth           #.........   100%        9    #######


Dungeon Overview and Level Annotations

Branches:
Dungeon (5/15)
 Temple: D:4-7

Altars:

Shops:
D:5 [

Annotations:
D:1 1 runed translucent door


Innate Abilities, Weirdness & Mutations

You cannot wear most types of armour.
You are very stealthy in the water. (Stealth+)
You are amphibious.
You can wear up to eight rings at the same time.
You can use your tentacles to constrict eight enemies at once.
Your skin changes colour to match your surroundings (Stealth+).
Your rubbery body absorbs attacks. (AC +1, EV +1)


Message History

The iguana is lightly wounded.
You constrict the iguana. The iguana bites you!
You tentacle-slap the iguana but do no damage.
The iguana is lightly wounded.
You constrict the iguana, but do no damage.
You block the iguana's attack.
You tentacle-slap the iguana but do no damage.
You squeeze the iguana, but do no damage.
The iguana is lightly wounded.
You constrict the iguana, but do no damage.
The iguana bites you!
* * * LOW HITPOINT WARNING * * *
You are too injured to fight recklessly!
You tentacle-slap the iguana. You squeeze the iguana.
The iguana is severely wounded.
You constrict the iguana. You block the iguana's attack.
You tentacle-slap the iguana but do no damage.
The iguana is almost dead.
You constrict the iguana. The iguana bites you!
You die...

.......###........
.........####....### #..
............#......##...
...##...................
###.....................
........................
........................
.......###.......l......
.........#......@.......
........................
.................##.##..
..................# #
..................#
.......#.........##
....................
...................#
....................#


You could see an iguana.

Vanquished Creatures
  A crimson imp (D:5)
  A jelly (D:5)
  A hound (D:5)
  An orc priest (D:5)
  2 orc wizards (D:5)
  Jessica (D:3)
  A worker ant (D:4)
  5 adders
  An adder skeleton (D:4)
  10 orcs
  A giant cockroach (D:5)
  3 goblins
  2 hobgoblins
  3 jackals (D:2)
  A quokka (D:2)
  3 ball pythons (D:2)
  4 bats (D:1)
  2 frilled lizards
  A jackal skeleton (D:4)
  A kobold (D:1)
  6 rats
51 creatures vanquished.

Vanquished Creatures (collateral kills)
  An orc wizard (D:3)
  A frilled lizard (D:3)
2 creatures vanquished.

Grand Total: 53 creatures vanquished

Notes
Turn   | Place    | Note
-------+----------+-------------------------------------------
     0 | D:1      | Maedhros the Octopode Artificer began the quest for the
                  | Orb.
     0 | D:1      | Reached XP level 1. HP: 13/13 MP: 3/3
     1 | D:1      | Found a runed translucent door.
   165 | D:1      | Reached skill level 2 in Stealth
   243 | D:1      | Reached skill level 3 in Stealth
   243 | D:1      | Reached XP level 2. HP: 17/18 MP: 4/4
   482 | D:2      | Reached skill level 4 in Stealth
   482 | D:2      | Reached XP level 3. HP: 20/23 MP: 5/5
   682 | D:3      | Noticed Jessica
   686 | D:3      | Killed Jessica
   686 | D:3      | Reached skill level 5 in Stealth
   686 | D:3      | Reached XP level 4. HP: 26/28 MP: 6/6
   716 | D:3      | Reached skill level 1 in Unarmed Combat
  1024 | D:5      | Entered Level 5 of the Dungeon
  1040 | D:5      | Found Xyzor's Armour Emporium.
  1047 | D:5      | Bought a +0 kite shield for 45 gold pieces
  1068 | D:5      | Reached XP level 5. HP: 13/33 MP: 7/7
  1140 | D:5      | Reached XP level 6. HP: 23/38 MP: 8/8
  1345 | D:4      | Slain by an iguana

Levels and vault maps discovered:
D:1:      dpeg_arrival_caged_fury, layout_basic, minmay_misc_feat_x
D:2:      layout_loops_ring, fedhas_altar_1
D:3:      wander_river, layout_loops_ring, marbit_many_paths, first_ration,
          uniq_jessica
D:4:      layout_cave_pools, minmay_temple_entry_gardened_gates,
          kennysheep_generic_room_5
D:5:      layout_basic, serial_shops, shop

Skill      XL: |  1  2  3  4  5 |
---------------+----------------+-----
Stealth        | 3 4 5 |  5.7
Unarmed Combat | 2 4 |  4.9
Fighting       | |  1.0
Short Blades   | |  1.0
Dodging        | |  2.0
Evocations     | |  3.2

Action                   |  1- 3 |  4- 6 || total
-------------------------+-------+-------++-------
Melee: Short sword       |    52 |    22 ||    74
       Constrict         |    12 |    23 ||    35
       Tentacles         |     4 |    23 ||    27
       Unarmed           |       |    49 ||    49
       Punch             |       |     2 ||     2
Evoke: Wand              |       |     7 ||     7
  Use: Potion            |       |     2 ||     2
 Stab: Sleeping          |    13 |     4 ||    17
       Distracted        |     1 |     1 ||     2
  Eat: Chunk             |       |     1 ||     1
Armor: Skin              |    10 |       ||    10
Dodge: Dodged            |    43 |    30 ||    73
Block: Kite shield       |       |    13 ||    13

Table legend:
 A = Non-vault XP
 B = Vault XP
 C = Vault XP percentage of total XP
 D = Non-vault monster count
 E = Vault monster count
 F = Vault count percentage of total count
                 A         B        C        D         E       F
            +---------+---------+-------+---------+---------+-------
      Total |     453 |      37 |   7.6 |      52 |       1 |   1.9
            +---------+---------+-------+---------+---------+-------
        D:1 |      13 |       0 |   0.0 |       9 |       0 |   0.0
        D:2 |      50 |       0 |   0.0 |      17 |       0 |   0.0
        D:3 |      30 |      37 |  55.2 |       5 |       1 |  16.7
        D:4 |      66 |       0 |   0.0 |       9 |       0 |   0.0
        D:5 |     294 |       0 |   0.0 |      12 |       0 |   0.0
            +---------+---------+-------+---------+---------+-------
